 Dungeon Crawl Stone Soup version 0.31-a0-1612-g4aaf141004 (webtiles) character file.

Game seed: 7354527200152561123

217 gruber the Cutter (level 5, 0/27 HPs)
             Began as a Vine Stalker Fighter on Jan 9, 2024.
             Slain by an orc
             ... wielding a +0 club
              (1 damage)
             ... on level 4 of the Dungeon.
             The game lasted 00:01:37 (1851 turns).

gruber the Cutter (Vine Stalker Fighter)            Turns: 1851, Time: 00:01:38

Health: 0/27       AC:  7    Str: 18    XL:     5   Next: 94%
Magic:  0/6        EV:  9    Int:  8    God:
Gold:   108        SH:  5    Dex: 16    Spells: 4/4 levels left

rFire   . . .        a - +0 rapier
rCold   + . .        c - +0 buckler
rNeg    . . .        b - +0 scale mail
rPois   .            o - +0 helmet
rElec   .            (no cloak)
rCorr   .            (no gloves)
SInv    .            (no boots)
Will    .....        (no amulet) Stlth
                     e - ring of protection from cold
HPRegen 1.04/turn    (no ring)
MPRegen 0.10/turn

%: guardian spirit
@: no status effects
A: fangs 2, regeneration 1, magic shield, antimagic bite, no potion heal 2
a: no special abilities


You were on level 4 of the Dungeon.
You visited 1 branch of the dungeon, and saw 4 of its levels.

You collected 108 gold pieces.

Inventory:

Hand Weapons
 a - a +0 rapier (weapon)
Armour
 b - a +0 scale mail (worn)
 c - a +0 buckler (worn)
 o - a +0 helmet (worn)
Jewellery
 e - a ring of protection from cold (left hand)
Scrolls
 f - a scroll of amnesia {unknown}
 g - 2 scrolls of poison {unknown}
 i - a scroll of teleportation {unknown}
 k - 2 scrolls of identify {unknown}
 m - 3 scrolls of vulnerability {unknown}
 r - a scroll of revelation {unknown}
 s - a scroll of noise {unknown}
Potions
 d - a potion of might
 h - a potion of lignification {unknown}
 j - 2 potions of mutation {unknown}
 l - a potion of degeneration {unknown}
 n - a potion of cancellation {unknown}
 p - a potion of magic {unknown}
 q - 2 potions of heal wounds {unknown}
 t - 2 potions of enlightenment {unknown}


   Skills:
 - Level 2.6 Fighting
 + Level 5.4 Short Blades
 - Level 2.4 Armour
 - Level 2.6 Shields


You had 4 spell levels left.
You didn't know any spells.
Your spell library contained the following spells:

 Spells                   Type           Power      Damage    Failure   Level
 Gell's Gravitas          Tloc           0%         N/A       99%         3
 Teleport Other           Tloc           0%         N/A       99%         3
 Dispersal                Tloc           0%         N/A       100%        6


Dungeon Overview and Level Annotations

Branches:
Dungeon (4/15)
 Temple: D:4-7

Altars:


Innate Abilities, Weirdness & Mutations

You have extremely sharp teeth.
Your natural rate of healing is unusually fast.
When hurt, damage is shared between your health and your magic reserves.
Your bite disrupts and absorbs the magic of your enemies.
Potions cannot restore your health.


Message History

The endoplasm barely misses you.
The orc priest hits you but does no damage.
The orc barely misses you.
You hit the orc priest but do no damage.
You bite the orc priest, but do no damage.
The orc priest is moderately wounded.
The endoplasm freezes you.
You are frozen.
You resist. The orc priest closely misses you. The orc closely misses you.
You hit the orc priest but do no damage.
You bite the orc priest. You drain its power.
You feel invigorated.
The orc priest is severely wounded.
The endoplasm freezes you.
You are frozen.
You resist. The orc priest barely misses you. You block the orc's attack.
You closely miss the orc priest.
The orc priest is severely wounded.
The endoplasm freezes you.
You are frozen.
You resist.
The orc priest hits you with a +0 short sword.
The orc hits you but does no damage.
You hit the orc priest.
You bite the orc priest, but do no damage.
The orc priest is almost dead.
The endoplasm freezes you.
You are frozen.
You resist.
The orc priest calls down the wrath of Beogh upon you.
Pain shoots through your body!
* * * LOW HITPOINT WARNING * * *
The orc barely misses you.
Unknown command.
Unknown command.
You barely miss the orc priest.
The orc priest is almost dead.
The endoplasm barely misses you.
The orc priest calls down the wrath of Beogh upon you.
Beogh smites you!
* * * LOW HITPOINT WARNING * * *
The orc hits you with a +0 club.
You die...

#......#####.....#
###..............##
..................########
###....##...(.......#≈≈~≈#
.......##...........#≈~≈~#
<.............#.###.'~≈~≈+
#####..#######..# ###≈~≈~#
##..# #..## ≈≈~≈# ##.#
#.)@# ##### ........Joo.#
..........#....
................
...........##.#.
..).......# # ...........
..........


You could see an orc priest, an orc and an endoplasm.

Vanquished Creatures
  A bombardier beetle (D:3)
  An orc wizard (D:3)
  6 adders
  A ribbon worm (D:3)
  5 dart slugs
  9 orcs
  6 endoplasms
  3 giant cockroaches
  9 goblins
  5 hobgoblins
  5 quokkas
  11 ball pythons
  6 bats
  2 frilled lizards
  2 kobolds
  12 rats
  A spectral kobold (D:2)
85 creatures vanquished.

Notes
Turn   | Place    | Note
-------+----------+-------------------------------------------
     0 | D:1      | gruber the Vine Stalker Fighter began the quest for the
                  | Orb.
     0 | D:1      | Reached XP level 1. HP: 11/11 MP: 2/2
    36 | D:1      | Reached skill level 2 in Short Blades
    50 | D:1      | Reached XP level 2. HP: 16/16 MP: 3/3
   226 | D:1      | Reached skill level 3 in Short Blades
   249 | D:1      | Reached XP level 3. HP: 19/19 MP: 4/4
   695 | D:2      | Reached XP level 4. HP: 23/23 MP: 5/5
   720 | D:2      | Reached skill level 4 in Short Blades
   752 | D:2      | Found a faded altar of an unknown god.
  1224 | D:3      | Reached XP level 5. HP: 27/27 MP: 6/6
  1302 | D:3      | Reached skill level 5 in Short Blades
  1851 | D:4      | HP: 1/27 [orc priest/divine providence (6)]
  1851 | D:4      | Slain by an orc

Illustrated notes

Levels and vault maps discovered:
D:1:      dpeg_arrival_orchard, layout_rooms
D:2:      layout_basic, dreamdust_ecumenical_altar_drowned_temple
D:3:      layout_loops_ring
D:4:      cheibrodos_thug_alley, layout_rooms, chequers_serial_rivers_room_b,
          hangedman_decor_lopped

Skill      XL: |  1  2  3  4  5 |
---------------+----------------+-----
Short Blades   | 2 3 4 5 |  5.4
Fighting       | |  2.6
Armour         | |  2.4
Shields        | |  2.6

Action                     |  1- 3 |  4- 6 || total
---------------------------+-------+-------++-------
  Melee: Rapier            |    87 |   140 ||   227
         Bite              |    27 |    29 ||    56
 Armour: Scale mail        |    45 |    75 ||   120
  Dodge: Dodged            |    37 |    75 ||   112
  Block: Buckler           |    20 |    33 ||    53

Table legend: (Time is in decaauts)
 A = Elapsed time spent in this place.
 B = Non-inter-level travel time spent in this place.
 C = Inter-level travel time spent in this place.
 D = Time resting spent in this place.
 E = Time spent auto-exploring this place.
 F = Levels seen in this place.
 G = Mean time per level.
                   A        B        C        D        E       F      G
               +--------+--------+--------+--------+--------+-----+--------+
         Total |   1862 |   1771 |     91 |      0 |   1309 |   4 |  465.5 |
       Dungeon |   1862 |   1771 |     91 |      0 |   1309 |   4 |  465.5 |
               +--------+--------+--------+--------+--------+-----+--------+

Top non-repeatable levels by time:
     D:3: 633 daAuts
     D:2: 629 daAuts
     D:1: 552 daAuts
     D:4: 47 daAuts
